 Dungeon Crawl Stone Soup version 0.29-a0-344-ge2f44be95a (webtiles) character file.

Game seed: 3193509386305447957

47513 ders the Eclecticist (level 14, -2/81 HPs)
             Began as a Djinni Conjurer on Apr 21, 2022.
             Was a Priest of Ashenzari.
             Slain by a dire elephant (21 damage)
             ... on level 6 of the Lair of Beasts.
             The game lasted 00:30:42 (23639 turns).

ders the Eclecticist (Djinni Conjurer)             Turns: 23639, Time: 00:30:42

Health: -2/81      AC:  9    Str: 10    XL:     14   Next: 82%
Gold:   1113       EV: 18    Int: 34    God:    Ashenzari [***...] SH:  5 Dex: 20

rFire   + + .      SeeInvis +   A - staff of conjuration (curse) {Self, Range}
rCold   . . .      Faith    .   (no shield)
rNeg    + . .      Spirit   .   P - +2 robe {rC+}
rPois   ∞          Reflect  +   g - +3 hat of Pondering {ponderous, Will+ MP+10 Int+5}
rElec   +          Harm     .   x - +0 cloak "Sidereal Relativism" {Will+, Fort, Self} (curse)
rCorr   +          Rampage  .   S - +0 pair of gloves of Namobadi {rElec rPois rCorr Dex+6}
Will    +++..      Clarity  +   (boots unavailable)
Stlth   ++........              F - amulet "Mutualism of Ashenzari" {Reflect SH+5, Range, Self} (curse)
HPRegen 0.23/turn               t - ring "Ensconced Anxiety" {rN+, Fort, Cun} (curse)
MPRegen 0.00/turn               T - ring of Xeyfemei {EV+4 Str+4 Int+6}

@: about to teleport, flying, slow
A: sickness immunity, fire resistance 2, cold vulnerability 1, float, innate
caster, HP casting, extra vitality 1
a: Renounce Religion, Curse Item, Shatter the Chains


You were on level 6 of the Lair of Beasts.
You worshipped Ashenzari.
Ashenzari was most pleased with you.
You visited 4 branches of the dungeon, and saw 17 of its levels.
You also visited: Volcano.

You collected 1113 gold pieces.

Inventory:

Hand Weapons
 y - a +4 quarterstaff of chaos
 O - the +7 battleaxe "Looxagoz" {vorpal, Dex+5}
   (You found it on level 9 of the Dungeon)

   It inflicts extra damage upon your enemies.
   Dex:       It affects your dexterity (+5).
Missiles
 E - a throwing net
Armour
 a - a +0 robe
 g - the +3 hat of Pondering (worn) {ponderous, Will+ MP+10 Int+5}
   (You took it off Gastronok on level 8 of the Dungeon)

   Int:       It affects your intelligence (+5).
   MP:        It affects your magic capacity (+10).
   Will:      It increases your willpower.
 x - the cursed +0 cloak "Sidereal Relativism" (worn) {Will+, Fort, Self}
   (You took it off Crazy Yiuf on level 4 of the Dungeon)

   It has a curse which improves the following skills: Fortitude: Armour and
   Shields.
   Introspection: Fighting and Spellcasting.
 C - a scarf of shadows
 K - a +4 chain mail
 P - a +2 robe of cold resistance (worn)
 S - the +0 pair of gloves of Namobadi (worn) {rElec rPois rCorr Dex+6}
   (You found it on level 3 of the Lair of Beasts)

   Dex:       It affects your dexterity (+6).
   rElec:     It insulates you from electricity.
   rPois:     It protects you from poison.
   rCorr:     It protects you from acid and corrosion.
 W - a +3 plate armour of fire resistance
Magical Staves
 A - a cursed staff of conjuration (weapon) {Self, Range}
Jewellery
 t - the cursed ring "Ensconced Anxiety" (left hand) {rN+, Fort, Cun}
   (You found it on level 4 of the Dungeon)

   [ring of positive energy]

   rN:        It protects you from negative energy.
   It has a curse which improves the following skills: Fortitude: Armour and
   Shields.
   Cunning:   Dodging and Stealth.
 F - the cursed amulet "Mutualism of Ashenzari" (around neck) {Reflect SH+5, Range, Self}
   (You found it on level 6 of the Dungeon)

   [amulet of reflection]

   It reflects blocked missile attacks.
   SH:        It affects your SH (+5).
   It has a curse which improves the following skills: Ranged Combat: Slings,
   Bows, Crossbows and Throwing.
   Introspection: Fighting and Spellcasting.
 J - the ring "Enabluq" {Fly rC- rN++ Will+ Int+2}
   (You found it on level 7 of the Dungeon)

   [ring of willpower]

   Int:       It affects your intelligence (+2).
   rC:        It makes you vulnerable to cold.
   rN:        It greatly protects you from negative energy.
   Fly:       It grants you flight.
   Will:      It increases your willpower.
 T - the ring of Xeyfemei (right hand) {EV+4 Str+4 Int+6}
   (You acquired it on level 4 of the Lair of Beasts)

   [ring of evasion]

   EV:        It affects your evasion (+4).
   Str:       It affects your strength (+4).
   Int:       It affects your intelligence (+6).
 U - a ring of protection from fire
Wands
 k - a wand of mindburst (2)
 p - a wand of paralysis (2)
 D - a wand of acid (10)
 N - a wand of charming (10)
 Q - a wand of flame (8)
Scrolls
 j - 3 scrolls of amnesia
 l - 6 scrolls of magic mapping
 n - a scroll of summoning
 q - 4 scrolls of enchant armour
 s - 3 scrolls of fear
 u - 3 scrolls of immolation
 v - 7 scrolls of teleportation
 z - a scroll of vulnerability
 B - 4 scrolls of blinking
 H - 2 scrolls of noise
 L - 4 scrolls of fog
 M - 6 scrolls of identify
 X - a scroll of holy word
 Y - a scroll of acquirement
 Z - a scroll of brand weapon
Potions
 b - 4 potions of curing
 c - a potion of magic
 d - 4 potions of attraction
 e - 2 potions of degeneration
 f - 3 potions of brilliance
 h - 3 potions of mutation
 i - a potion of flight
 m - 4 potions of heal wounds
 o - 5 potions of haste
 r - a potion of invisibility
 w - 3 potions of berserk rage
 G - 2 potions of lignification
 I - 3 potions of cancellation
 R - a potion of ambrosia
 V - a potion of resistance


   Skills:
 - Level 2.1(3.4) Dodging
 - Level 1.5(2.7) Stealth
 + Level 19.0(21.9) Spellcasting


You had 23 spell levels left.
You knew the following spells:

 Your Spells              Type           Power      Damage    Failure   Level
a - Airstrike             Air            56%        N/A       0%          4
b - Searing Ray           Conj           100%       2d8       0%          2
c - Dazzling Flash        Conj/Hex       100%       N/A       0%          3
d - Fulminant Prism       Conj/Hex       68%        3d28      0%          4
e - Iskenderun's Mystic   Conj/Tloc      100%       2d19      0%          4
f - Foxfire               Conj/Fire      100%       2x1d9     0%          1
g - Passwall              Tmut/Erth      93%        N/A       0%          2
h - Scorch                Fire           100%       2d10      0%          2
i - Magic Dart            Conj           100%       1d8       0%          1
j - Agony                 Necr           100%       N/A       0%          5
k - Metabolic Englaciati  Hex/Ice        56%        N/A       0%          5
Your spell library was empty.

Dungeon Overview and Level Annotations

Branches:
Dungeon (9/15)             Temple (1/1) D:5            Lair (6/6) D:9
  Swamp (1/4) Lair:2        Snake (0/4) Lair:2        Slime (0/5) Lair:5
Volcano (visited)
    Orc: D:9-12

Altars:
Ashenzari
Cheibriados
Dithmenos
Elyvilon
Fedhas
Gozag
Hepliaklqana
Kikubaaqudgha
Makhleb
Nemelex Xobeh
Okawaru
Qazlal
Trog
Uskayaw
Vehumet
Wu Jian
Xom
Yredelemnul
Zin
The Shining One
Jiyva

Shops:
D:4 (   D:7 [

Annotations:
D:9 2 transporters, HuGe's ghost, journeyman MiBe


Innate Abilities, Weirdness & Mutations

You are immune to sickness and miasma.
You are immune to poison.
Your flesh is very heat resistant. (rF++)
You are vulnerable to cold. (rC-)
You float through the air rather than walking.
You learn spells naturally, not from books.
Your magical power is your life essence.
You have superior vitality. (+4 MHP)


Message History

The yak is knocked back by the mystic blast.
You hear a trumpeting!
Casting: Iskenderun's Mystic Blast (safe; 0% risk of failure)
Confirm with . or Enter, or press ? or * to list all spells.
Aiming: Fulminant Prism (safe; 0% risk of failure)
Press: ? - help, Dir - move target You feel a surge of power!
You conjure a prism of explosive energy!
A fulminant prism comes into view.
Casting: Fulminant Prism (safe; 0% risk of failure)
Confirm with . or Enter, or press ? or * to list all spells.
You feel a surge of power!
You erupt in a blast of force!
The mystic blast hits the yak!!
The yak is almost dead.
The yak is knocked back by the mystic blast.
The yak collides with the yak!
The yak is almost dead. x2
* * * LOW HITPOINT WARNING * * *
The death yak gores your fulminant prism!!
Your fulminant prism crackles loudly.
Casting: Iskenderun's Mystic Blast (safe; 0% risk of failure)
Confirm with . or Enter, or press ? or * to list all spells.
You feel a surge of power!
You erupt in a blast of force!
The mystic blast hits the yak!!
You kill the yak!
The mystic blast hits the yak!!
You kill the yak!
* * * LOW HITPOINT WARNING * * *
The death yak gores your fulminant prism!
Your fulminant prism explodes!
The blast of energy engulfs the death yak!!!
You kill the death yak!
You start resting.
A dire elephant comes into view.
As you read the scroll of teleportation, it crumbles to dust.
You feel strangely unstable.
Found a +0 quarterstaff.
The dire elephant attacks as you move away!
The dire elephant tramples you!!
You die...

...### ,.., , *
...P.##... , , ,
.......... * * ^
....##...########
....#.....#..#..## ,# *
...#......#......# ..##
....#......#....#.....#
....#.....#..†..##...P#
...##..........Y@.....#
.....#....#..†#.......)#
..#.##...P#.†††.......##
.###.....##..†.##.....#
..##......#.....#.....#
###......##..$..#.....#
##.......##..........#.#
#......####..†..#.....##
#.....## *...†#†#....


You could see a dire elephant.

Vanquished Creatures
  Gastronok (D:8)
  2 catoblepae
  Erolcha (D:9)
  2 hydras
  Erica (Lair:1)
  3 death yaks (Lair:6)
  2 skeletal warriors (Volcano)
  2 wolf spiders (Lair:2)
  13 elephants
  9 black mambas
  A molten gargoyle (Lair:1)
  3 gargoyles (Volcano)
  14 cane toads
  2 rime drakes
  10 komodo dragons
  2 polar bears
  2 harpy skeletons (Volcano)
  A hornet (D:9)
  9 dream sheep (Lair:5)
  3 flying skulls (Volcano)
  20 blink frogs
  A shadow (D:9)
  Sigmund (D:6)
  A wraith (D:9)
  An alligator skeleton (Volcano)
  5 wyverns
  39 yaks
  4 basilisks
  2 steam dragons
  3 vampire mosquitoes (D:8)
  9 water moccasins
  2 nagas (Lair:2)
  2 hell hounds (Lair:4)
  2 orc warriors
  2 ice beasts
  3 sky beasts
  An ogre (D:5)
  31 wolves
  2 centaurs (D:8)
  5 phantoms
  2 kobold brigands (D:7)
  A gnoll sergeant (D:8)
  19 bullfrogs
  A necrophage (D:8)
  3 scorpions
  8 wights
  6 killer bees (D:8)
  A troll skeleton (Volcano)
  9 howler monkeys
  A spriggan skeleton (Volcano)
  2 electric eels (Lair:3)
  2 jellies
  Crazy Yiuf (D:4)
  3 gnoll shamans
  4 orc priests
  2 hounds
  An iguana (D:7)
  3 orc wizards
  20 gnolls
  7 adders
  2 white imps
  An ufetubus (D:5)
  5 worms
  6 dart slugs
  26 orcs
  7 ball pythons
  9 bats
  5 endoplasms
  3 giant cockroaches
  7 goblins
  7 hobgoblins
  2 jackals (D:4)
  4 quokkas
  A frilled lizard (D:3)
  12 kobolds
  7 rats
419 creatures vanquished.

Vanquished Creatures (others)
  A dream sheep (Lair:5)
  An orc (D:9)
  A bush (Lair:6)
  2 foxfires (D:9)
  81 fulminant prisms
  65 fungi
  81 plants
232 creatures vanquished.

Grand Total: 651 creatures vanquished

Notes
Turn   | Place    | Note
-------+----------+-------------------------------------------
     0 | D:1      | ders the Djinni Conjurer began the quest for the Orb.
     0 | D:1      | Reached XP level 1. HP: 15/15 MP: 0/0
   166 | D:1      | Reached XP level 2. HP: 18/21 MP: 0/0
   479 | D:1      | Reached XP level 3. HP: 22/25 MP: 0/0
   479 | D:1      | Learned a level 1 spell: Foxfire
   617 | D:1      | Reached skill level 4 in Spellcasting
   886 | D:1      | Found a faded altar of an unknown god.
  1222 | D:2      | Reached XP level 4. HP: 27/31 MP: 0/0
  2312 | D:3      | Reached XP level 5. HP: 28/35 MP: 0/0
  2312 | D:3      | Learned a level 2 spell: Passwall
  2321 | D:3      | Reached skill level 5 in Spellcasting
  2966 | D:3      | Reached XP level 6. HP: 30/40 MP: 0/0
  3573 | D:4      | Found Isuwec's Weapon Emporium.
  3718 | D:4      | Found a runed translucent door.
  3719 | D:4      | Noticed Crazy Yiuf
  4725 | D:4      | Killed Crazy Yiuf
  4819 | D:5      | Entered Level 5 of the Dungeon
  4870 | D:5      | Noticed an ice beast
  4873 | D:5      | Killed an ice beast
  4874 | D:5      | Reached skill level 6 in Spellcasting
  4874 | D:5      | Reached XP level 7. HP: 32/45 MP: 0/0
  4874 | D:5      | Learned a level 2 spell: Scorch
  5261 | D:5      | Reached skill level 7 in Spellcasting
  5261 | D:5      | Reached XP level 8. HP: 26/50 MP: 0/0
  5864 | D:5      | Found a staircase to the Ecumenical Temple.
  5869 | Temple   | Entered the Ecumenical Temple
  5891 | Temple   | Became a worshipper of Ashenzari the Shackled
  6323 | D:6      | Reached skill level 8 in Spellcasting
  6840 | D:6      | Noticed Sigmund
  6845 | D:6      | Killed Sigmund
  6851 | D:6      | Reached XP level 9. HP: 44/55 MP: 0/0
  6851 | D:6      | Learned a level 4 spell: Airstrike
  7371 | D:6      | Found a shadowy altar of Dithmenos.
  7475 | D:7      | Identified the ring "Enabluq" {Fly rC- rN++ Will+ Int+2}
  7513 | D:7      | Reached skill level 9 in Spellcasting
  8056 | D:7      | Found a white marble altar of Elyvilon.
  8215 | D:7      | Found Mosmy's Antique Armour Boutique.
  8525 | D:7      | Reached skill level 10 in Spellcasting
  9193 | D:7      | Found a shimmering altar of Xom.
  9381 | D:8      | Found an ornate altar of the Wu Jian Council.
  9381 | D:8      | Found a burning altar of Makhleb.
  9387 | D:8      | Reached XP level 10. HP: 43/60 MP: 0/0
  9628 | D:8      | Noticed Gastronok
  9637 | D:8      | HP: 3/60 [Gastronok/the air (22)]
  9639 | D:8      | Killed Gastronok
  9640 | D:8      | Reached skill level 11 in Spellcasting
  9713 | D:8      | HP: 2/60 [orc warrior/boomerang (10)]
 10293 | D:8      | Reached skill level 12 in Spellcasting
 10600 | D:8      | Reached XP level 11. HP: 35/65 MP: 0/0
 10600 | D:8      | Learned a level 5 spell: Agony
 11548 | D:9      | Noticed Erolcha
 11626 | D:9      | Found a staircase to the Lair.
 11634 | D:9      | Found a blossoming altar of Fedhas.
 11657 | D:9      | Killed Erolcha
 11658 | D:9      | Reached skill level 13 in Spellcasting
 12097 | D:9      | Noticed HuGe's ghost (journeyman MiBe)
 12098 | D:9      | Noticed a tengu warrior
 12103 | D:9      | Found a transporter.
 12109 | D:9      | Found a transporter.
 12117 | D:9      | Found a bloodstained altar of Trog.
 12124 | D:9      | Noticed a moth of wrath
 12138 | D:9      | Identified the +7 battleaxe "Looxagoz" {vorpal, Dex+5}
 12678 | D:9      | Reached * piety under Ashenzari
 12920 | D:9      | Found a basalt altar of Yredelemnul.
 13002 | Lair:1   | Entered Level 1 of the Lair of Beasts
 13510 | Lair:1   | Noticed Erica
 13514 | Lair:1   | Killed Erica
 13631 | Lair:1   | Reached skill level 14 in Spellcasting
 14014 | Lair:1   | Reached XP level 12. HP: 62/70 MP: 0/0
 14322 | Lair:1   | Reached ** piety under Ashenzari
 14735 | Lair:2   | Found a staircase to the Swamp.
 14927 | Lair:2   | Found a staircase to the Snake Pit.
 15286 | Lair:2   | Reached *** piety under Ashenzari
 15311 | Lair:2   | Reached skill level 15 in Spellcasting
 15703 | Swamp:1  | Entered Level 1 of the Swamp
 15790 | Lair:3   | Identified the +0 pair of gloves of Namobadi {rElec rPois
                  | rCorr Dex+6}
 15928 | Lair:3   | Noticed a catoblepas
 15937 | Lair:3   | Killed a catoblepas
 16441 | Lair:3   | Found a snail-covered altar of Cheibriados.
 16442 | Lair:3   | Identified a scroll of acquirement
 17643 | Lair:3   | Reached XP level 13. HP: 67/76 MP: 0/0
 17643 | Lair:3   | Learned a level 5 spell: Metabolic Englaciation
 17669 | Lair:3   | Reached skill level 16 in Spellcasting
 17908 | Lair:4   | Acquired the ring of Xeyfemei {EV+4 Str+4 Int+6}
 17916 | Lair:4   | Noticed a four-headed hydra
 17921 | Lair:4   | Killed a four-headed hydra
 18127 | Lair:4   | Found a dark tunnel.
 18156 | Volcano  | Entered a volcano
 19329 | Lair:4   | Reached skill level 17 in Spellcasting
 20597 | Lair:5   | Noticed a catoblepas
 20793 | Lair:5   | Reached XP level 14. HP: 77/81 MP: 0/0
 21571 | Lair:5   | Found a viscous altar of Jiyva.
 21571 | Lair:5   | Found a staircase to the Slime Pits.
 21851 | Lair:6   | Entered Level 6 of the Lair of Beasts
 21858 | Lair:6   | Reached skill level 18 in Spellcasting
 23627 | Lair:6   | Reached skill level 19 in Spellcasting
 23634 | Lair:6   | Noticed a dire elephant
 23639 | Lair:6   | Slain by a dire elephant

Illustrated notes

Levels and vault maps discovered:
D:1:      amcnicky_arrival_abandoned_market, layout_rooms,
          chequers_ecumenical_altar_lobes, hangedman_abyss_or_decor_stabs
D:2:      layout_loops_ring, roderic_roman_lattice, minmay_statues_item,
          st_stairs_14
D:3:      layout_loops_ring
D:4:      layout_basic, serial_shops, shop, uniq_crazy_yiuf_cottage
D:5:      layout_basic, temple_doors_ab
D:6:      layout_loops_corners, marbit_many_paths, uniq_sigmund
D:7:      layout_loops_ring, elyvilon_altar_1, nicolae_overflow_hidden_temple,
          serial_shops, nicolae_shop_waterfront
D:8:      layout_basic, grunt_temple_overflow_open, hangedman_decor_points,
          uniq_gastronok
D:9:      layout_roguey, fedhas_altar_1, yredelemnul_altar_generic,
          dpeg_oklobed_lair, gammafunk_ghost_wrathful_warriors,
          serial_co_window_serial, co_window_corner_a, co_window_paths_b,
          co_window_corner_a, co_window_corner_a, co_window_cross_1,
          co_window_cross_2, co_window_broadway_a, co_window_corner_cb,
          co_window_2corner, glass_columns_b, glass_columns_a,
          kennysheep_generic_room_11, uniq_erolcha
Temple:   eino_narrow_crystal_temple
Lair:1:   layout_gridlike, uniq_erica
Lair:2:   layout_chaotic_city, swamp_mist, guppyfry_snake_entry_garden,
          grunt_forest_stairs_basic, nicolae_lair_run_with_the_wolves
Lair:3:   layout_regular_city, basic_altar, st_stairs_5, serial_bayou_shore_a
Lair:4:   layout_roguey, enter_volcano_3, grunt_megastairs_4
Lair:5:   layout_regular_city, dpeg_slime_entry_enclosed_altar,
          infiniplex_staircase_pool_2
Lair:6:   evil_forest, layout_concentric_octagons
Swamp:1:  layout_basic_swamp, evilmike_swamp_ruin_house_5, swamp_pool1,
          infiniplex_staircase_pool, uniq_roxanne, uniq_frances

Skill      XL: |  1  2  3  4  5  6  7  8  9 10 11 12 13 14 |
---------------+-------------------------------------------+-----
Spellcasting   | 4 5 6 7 8 10 12 14 15 17 19 | 19.0
Dodging        | |  2.1
Stealth        | |  1.5

Action                   |  1- 3 |  4- 6 |  7- 9 | 10-12 | 13-15 || total
-------------------------+-------+-------+-------+-------+-------++-------
 Cast: Magic Dart        |    51 |   124 |    10 |       |       ||   185
       Searing Ray       |     2 |     8 |     1 |       |     1 ||    12
       Fulminant Prism   |       |     3 |    25 |    26 |    27 ||    81
       Iskenderun's Myst |       |     4 |    10 |     7 |    50 ||    71
       Airstrike         |       |       |    58 |   184 |   150 ||   392
       Foxfire           |       |       |       |     1 |       ||     1
       Metabolic Englaci |       |       |       |       |    12 ||    12
Invok: Curse Item        |       |       |       |     5 |       ||     5
       Shatter the Chain |       |       |       |     1 |       ||     1
  Use: Scroll            |       |       |       |     5 |     3 ||     8
       Potion            |       |       |       |     2 |       ||     2
Armor: Robe              |     1 |     3 |     1 |     6 |     9 ||    20
Dodge: Dodged            |     7 |    11 |     8 |     7 |    28 ||    61
Block: Other             |       |       |       |     2 |     7 ||     9
       Reflection        |       |       |       |     2 |       ||     2

Table legend: (Time is in decaauts)
 A = Elapsed time spent in this place.
 B = Non-inter-level travel time spent in this place.
 C = Inter-level travel time spent in this place.
 D = Time resting spent in this place.
 E = Time spent auto-exploring this place.
 F = Levels seen in this place.
 G = Mean time per level.
                   A        B        C        D        E       F      G
               +--------+--------+--------+--------+--------+-----+--------+
         Total |  24166 |  23359 |    807 |   6390 |  14944 |  18 | 1342.6 |
       Dungeon |  13135 |  12720 |    415 |   2277 |   9378 |   9 | 1459.4 |
        Temple |     30 |      9 |     21 |      0 |      6 |   1 |   30.0 |
          Lair |   9965 |   9595 |    370 |   3636 |   5230 |   6 | 1660.8 |
         Swamp |      1 |      1 |      0 |      0 |      0 |   1 |    1.0 |
       Volcano |   1032 |   1032 |      0 |    477 |    330 |   1 | 1032.0 |
               +--------+--------+--------+--------+--------+-----+--------+

Top non-repeatable levels by time:
  Lair:3: 2469 daAuts
  Lair:5: 2296 daAuts
     D:7: 2109 daAuts
     D:8: 1963 daAuts
  Lair:4: 1718 daAuts
  Lair:1: 1710 daAuts
     D:9: 1548 daAuts
     D:6: 1392 daAuts
     D:2: 1322 daAuts
     D:5: 1304 daAuts
     D:3: 1277 daAuts
     D:4: 1259 daAuts
  Lair:2: 1130 daAuts
 Volcano: 1032 daAuts
     D:1: 957 daAuts
